Unix NetHack Version 3.7.0-88 Work-in-progress - last build Aug 21 2023 04:08:40 (b68ccb3e4f8f5dcb83e1e40b1ff56e7dffd4cd28,branch:master). Game began 2023-08-30 15:20:35, ended 2023-09-03 18:02:22. pinball, chaotic male human Wizard ---- --- |..| --.-------- |..-- --- ------------------ |.........| -..-- --.|--------------|.......)........|---|.<....- --..| |..|...|...|..|!.[|.......)........|...|.....-| --.-- |..|... ...|..|)+.|.........--+-.[.-...|......| |..-- ------..--|---|-|..|K.[|..-----..|......|...|......--- --..-----...............-|---K--..|.((|--|...|..-----........| | --.........-...-----.............-.(.| |............|......| |.. ---...........|...|...-+--......|.((| ----|........--...--- --.... |......-.....|...-...| |...{KK------+| |...----....... |.....^.............|...|...| |......KK.....| |...+ -------... -----...............-------------|---..K...+-- |...| --.. |...............................|-|-@.|.. -...- ... |...............-------- ----- .|.@|..| .... ... --.........--...| .|..---. ..#.. ... --.......----.-- |.. {.. .- .... |.......- |.| -... ...| .- --.. --.....>. --- ... ..- . --- ------.-- ----- --- --- --- Pinball the Thaumaturge St:13 Dx:18 Co:14 In:16 Wi:12 Ch:12 Chaotic S:5416 Dlvl:8 $:68 HP:0(55) Pw:67(71) AC:0 Xp:7/1242 T:6265 Latest messages: Unlock it with your key? [ynq] (q) q You swap places with the peaceful watchman. You swap places with Scrag-Bag. Scrag-Bag drops a dwarvish cloak. You see here a dwarvish cloak. j - a dwarvish cloak. "Hello, pinball! Welcome to Holmavik's general store!" You drop a dwarvish cloak. Holmavik offers 25 gold pieces for your dwarvish cloak. Sell it? [ynaq] (n) y You sold a dwarvish cloak for 25 gold pieces. You drop a candle. Holmavik offers 5 gold pieces for your candle. Sell it? [ynaq] (n) y You sold a candle for 5 gold pieces. (For instructions type a '?') Call a candle: tallow What do you want to put on? [demqP or ?*] P You are now wearing a blindfold. You can't see any more. What do you want to remove? [PW or ?*] P You were wearing an uncursed blindfold. You can see again. Scrag-Bag eats an egg. You see here a purple spellbook (for sale, 200 zorkmids). Scrag-Bag picks up a candle called tallow. You see here a potion called fj/si/bz (for sale, 67 zorkmids). "For you, most gracious sir; only 67 zorkmids for this potion called fj/si/bz." l - a potion called fj/si/bz (unpaid, 67 zorkmids). You materialize in a different location! You escaped the shop without paying! You stole 67 zorkmids worth of merchandise. An alarm sounds! You hear the shrill sound of guards' whistles. The Keystone Kops are after you! You hear some noises in the distance. The watch captain zaps a marble wand! The sleep ray hits you! The sleep ray bounces! The Kop Sergeant throws a cream pie! The cream pie misses the watch captain. A cream pie misses you. The watch captain wields a silver saber! The watch captain swings his silver saber. The watch captain hits! The watch captain swings his silver saber. The watch captain hits again! The watch captain swings his silver saber. The watch captain hits! You die... Holmavik comes and takes the 67 zorkmids you owed her. Do you want your possessions identified? [ynq] (y) q Inventory: Coins $ - 68 gold pieces Weapons U - a +0 shuriken a - a blessed +1 quarterstaff (weapon in hands) Armor y - a blessed +1 orcish helm (being worn) i - an uncursed +1 pair of speed boots (being worn) b - an uncursed +2 cloak of magic resistance (being worn) I - an uncursed +0 mummy wrapping f - an uncursed +0 studded leather armor (being worn) Comestibles R - 2 uncursed slime molds t - 2 uncursed apples s - an uncursed cream pie S - 3 uncursed food rations p - an uncursed fortune cookie L - an uncursed tripe ration x - 2 uncursed eggs J - an uncursed lizard corpse O - an uncursed lizard corpse Scrolls N - a blessed scroll of blank paper B - 3 uncursed scrolls of blank paper E - an uncursed scroll of earth Potions l - a blessed potion of see invisible V - an uncursed potion of see invisible H - an uncursed potion of water Rings e - an uncursed ring of free action d - an uncursed +2 ring of gain constitution W - an uncursed ring of polymorph control (on left hand) q - an uncursed ring of protection from shape changers m - an uncursed ring of sustain ability Wands c - a wand of fire (0:2) v - a wand of probing (0:1) A - a wand of striking (0:6) D - a wand of teleportation (0:5) Tools z - an uncursed tooled horn P - an uncursed blindfold n - a magic marker (0:40) w - an uncursed magic whistle h - an uncursed mirror k - an uncursed skeleton key Gems/Stones G - an uncursed diamond r - an uncursed worthless piece of red glass Y - 2 uncursed rocks Z - an uncursed rock Pinball the Wizard's attributes: Background: You were a Thaumaturge, a level 7 male human Wizard. You were chaotic, on a mission for Anhur who was opposed by Ptah (lawful) and Thoth (neutral). You were in the Gnomish Mines, on level 8. You entered the dungeon 6265 turns ago. You had 1242 experience points, 38 more were needed to attain level 8. Your score was 5416 before end-of-game adjustments. Basics: You had 0 out of 55 hit points. You had 67 out of 71 energy points (spell power). Your armor class was 0. Your wallet contained 68 zorkmids. Autopickup was off. Final Characteristics: Your strength was 13 (limit:18/100). Your dexterity was 18 (limit:18). Your constitution was 14 (limit:18). Your intelligence was 16 (limit:18). Your wisdom was 12 (limit:18). Your charisma was 12 (limit:18). Final Status: You were not hungry. You were unencumbered. You were wielding a quarterstaff. You were skilled in quarterstaff. Final Attributes: You were piously aligned. You were magic-protected. You were poison resistant. You were telepathic. You could teleport. You were warded. You had polymorph control. You were very fast. You are dead. Miscellaneous: You encountered 1 bones level. Total elapsed playing time was 2 hours, 53 minutes and 15 seconds. Major events: Turn 1: pinball the chaotic male human Wizard entered the dungeon 1072: attained the rank of Conjurer (level 3) 2266: entered the Gnomish Mines 3661: attained the rank of Thaumaturge (level 6) 4902: destroyed MargeBouvier's ghost, the former Conjurer 5342: entered Sokoban 6175: reached Mine Town 6259: stole 67 zorkmids worth of merchandise from Holmavik's general store 6265: killed by a watch captain, while sleeping Vanquished creatures: a ghost a cockatrice 2 leprechauns a giant spider 2 lizards a plains centaur a water nymph a Mordor orc an orc shaman a fog cloud a yellow light a violet fungus 3 gnome leaders a gnomish wizard a kobold mummy 3 gray oozes an elf zombie 2 ghouls a straw golem a paper golem 6 giant ants a floating eye a kitten 4 dwarves a homunculus a kobold leader 2 kobold shamans 4 rothes a centipede a giant bat 2 monkeys 3 orc zombies 3 dwarf zombies 2 werejackals 3 iguanas 11 killer bees 2 acid blobs 2 coyotes a gas spore 3 hobbits a large kobold 5 hobgoblins a giant rat 6 cave spiders a brown mold 10 gnomes 3 Keystone Kops a gnome zombie 6 geckos 6 jackals a kobold 2 goblins 8 sewer rats 7 grid bugs 2 bats 5 lichens 2 kobold zombies 6 newts 154 creatures vanquished. No species were genocided or became extinct. Voluntary challenges: You read items or engraved 26 times. You engraved Elbereth 1 time. You never genocided any monsters. You never polymorphed an object. You never changed form. You used no wishes. You did not violate any of the special Sokoban rules. Achievements: You entered a shop. You attained the rank of Conjurer. You entered the Gnomish Mines. You attained the rank of Thaumaturge. You entered Sokoban. You entered Minetown. The Dungeons of Doom: levels 1 to 7 Level 1: An altar, some fountains. Level 2: An altar to Anhur. Level 3: A general store. Level 4: Stairs down to The Gnomish Mines. Level 5: "$" Some fountains. Level 6: Many fountains. Oracle of Delphi. Final resting place for MargeBouvier-Wiz-Elf-Mal-Cha, killed by a giant bat. Level 7: A general store. Stairs up to Sokoban, level 6. The Gnomish Mines: levels 5 to 8 Level 5: Level 8: <- You were here. Some shops, some fountains, a tree. Final resting place for you, killed by a watch captain, while sleeping. Sokoban: Level 6: Unsolved. Game over: ---------- / \ / REST \ / IN \ / PEACE \ / \ | pinball | | 68 Au | | killed by a | | watch captain | | | | | | 2023 | *| * * * | * _________)/\\_//(\/(/\)/\//\/|_)_______ Goodbye pinball the Wizard... You died in The Gnomish Mines on dungeon level 8 with 5410 points, and 68 pieces of gold, after 6265 moves. You were level 7 with a maximum of 55 hit points when you died.